 Dungeon Crawl Stone Soup version 0.27-a0-732-ga892ba84f6 (webtiles) character file.

Game seed: 13703743346572703190

333 JPVeigar the Shield-Bearer (level 6, 0/49 HPs)
             Began as a Formicid Fighter on Mar 24, 2021.
             Was an Initiate of Qazlal.
             Slain by a centaur (5 damage)
             ... on level 5 of the Dungeon.
             The game lasted 00:03:28 (3380 turns).

JPVeigar the Shield-Bearer (Formicid Fighter)       Turns: 3380, Time: 00:03:29

Health: 0/49       AC:  5    Str: 23    XL:     6   Next: 82%
Magic:  6/6        EV:  8    Int:  7    God:    Qazlal [......]
Gold:   162        SH: 10    Dex: 10    Spells: 5/5 levels left

rFire    . . .     SeeInvis +   a - +0 quarterstaff
rCold    + . .     Faith    .   c - +0 kite shield
rNeg     . . .     Spirit   .   k - +2 scale mail {rC+}
rPois    .         Reflect  .   (helmet unavailable)
rElec    .         Harm     .   (no cloak)
rCorr    .         Rampage  .   (no gloves)
Will     .....                  (no boots)
Stlth    ..........             (no amulet)
HPRegen  0.16/turn              (no ring)
MPRegen  0.10/turn              (no ring)

@: corroded
A: permanent stasis, dig shafts and tunnels, antennae 3, four strong arms
a: Dig, Shaft Self, Renounce Religion


You were on level 5 of the Dungeon.
You worshipped Qazlal.
Qazlal was noncommittal.
You visited 2 branches of the dungeon, and saw 6 of its levels.

You collected 162 gold pieces.

Inventory:

Hand Weapons
 a - a +0 quarterstaff (weapon)
Armour
 c - a +0 kite shield (worn)
 k - a +2 scale mail of cold resistance (worn)
Wands
 l - a wand of polymorph (14)
 n - a wand of random effects (8)
Scrolls
 b - 3 scrolls of teleportation {unknown}
 g - a scroll of enchant weapon {unknown}
 h - a scroll of immolation {unknown}
 j - 3 scrolls of identify {unknown}
 o - a scroll of noise {unknown}
 p - a scroll of magic mapping {unknown}
 q - a scroll of enchant armour {unknown}
 s - 2 scrolls of acquirement {unknown}
 t - a scroll of blinking {unknown}
Potions
 d - a potion of might
 e - 3 potions of curing {unknown}
 f - a potion of brilliance {unknown}
 i - a potion of resistance {unknown}
 m - a potion of mutation {unknown}
 r - a potion of lignification {unknown}


   Skills:
 + Level 4.5 Fighting
 * Level 4.5 Staves
 + Level 4.5 Armour
 + Level 4.9 Shields


You had 5 spell levels left.
You didn't know any spells.
Your spell library was empty.

Dungeon Overview and Level Annotations

Branches:
Dungeon (5/15)             Temple (1/1) D:5

Altars:
Ashenzari
Cheibriados
Dithmenos
Elyvilon
Gozag
Kikubaaqudgha
Makhleb
Nemelex Xobeh
Qazlal
Ru
Sif Muna
Trog
Uskayaw
Vehumet
Xom
Yredelemnul
Zin
The Shining One

Shops:
D:1 [


Innate Abilities, Weirdness & Mutations

You cannot be hasted, slowed, berserked, paralysed or teleported.
You can dig through walls and to a lower floor.
You have a pair of large antennae on your head. (SInv)
Your four strong arms can wield two-handed weapons with a shield.


Message History

The centaur unwields a +0 shortbow.
The centaur hits you but does no damage.
You block the centaur's attack.
Found a runed helmet.
You hit the centaur.
The centaur is lightly wounded.
The centaur hits you but does no damage.
The centaur kicks you but does no damage.
You block the centaur's attack. The centaur barely misses you.
You barely miss the centaur.
The centaur is lightly wounded.
The centaur hits you but does no damage.
The centaur barely misses you. The jelly hits you.
You are splashed with acid.
The centaur hits you but does no damage.
You block the centaur's attack.
You are too injured to fight recklessly!
You are too injured to fight recklessly!
You are too injured to fight recklessly!
You are too injured to fight recklessly!
You hit the centaur.
The centaur is moderately wounded.
The centaur hits you. The centaur barely misses you.
You block the jelly's attack. You block the centaur's attack.
The centaur completely misses you. The jelly hits you.
* * * LOW HITPOINT WARNING * * *
The acid corrodes you!
You are splashed with acid!
* * * LOW HITPOINT WARNING * * *
You hit the centaur but do no damage.
The centaur is moderately wounded.
You block the centaur's attack. The centaur kicks you.
* * * LOW HITPOINT WARNING * * *
The jelly hits you but does no damage. You block the centaur's attack.
The centaur kicks you.
* * * LOW HITPOINT WARNING * * *
Unknown command.
Found 13 gold pieces.
You hit the centaur.
The centaur is heavily wounded.
The centaur hits you.
You die...

#.# #.
#############(#
#.
............#.#
## #
..###...##...#
#.#
#$#.#.###..#
#...#†#)..#
#..#
#..J###....## #
#.#c#.#.#..# #
#.#.#@# ....# #
..#.#.#..###.#
# ..#.#.#
#..[#.. #
##..#.# .### #
.##.# . # # #$#
.# # ## . # ##
# #


You could see a centaur and a jelly.

Vanquished Creatures
  2 howler monkeys
  2 iguanas
  A worker ant (D:4)
  An orc wizard (D:5)
  A worker ant zombie (D:5)
  5 adders
  A shadow imp (D:5)
  A white imp (D:5)
  An ufetubus (D:5)
  An adder skeleton (D:4)
  2 worms (D:2)
  2 orcs
  6 giant cockroaches
  5 goblins
  7 hobgoblins
  5 oozes
  5 quokkas
  8 ball pythons
  5 bats
  5 frilled lizards
  3 kobolds
  7 rats
76 creatures vanquished.

Vanquished Creatures (others)
  A fungus (D:4)
1 creature vanquished.

Grand Total: 77 creatures vanquished

Notes
Turn   | Place    | Note
-------+----------+-------------------------------------------
     0 | D:1      | JPVeigar the Formicid Fighter began the quest for the Orb.
     0 | D:1      | Reached XP level 1. HP: 18/18 MP: 1/1
    34 | D:1      | Found Ocsyrcho's Armour Emporium.
   182 | D:1      | Reached XP level 2. HP: 21/24 MP: 2/2
   579 | D:1      | Reached XP level 3. HP: 27/29 MP: 3/3
  1125 | D:2      | Found a glowing golden altar of the Shining One.
  1174 | D:2      | Reached XP level 4. HP: 17/37 MP: 4/4
  1856 | D:3      | Found a broken altar of Ashenzari.
  1925 | D:3      | Found a hide-covered altar of Uskayaw.
  1946 | D:3      | Found an opulent altar of Gozag.
  2158 | D:3      | Reached XP level 5. HP: 42/42 MP: 5/5
  2361 | D:4      | HP: 2/42 [iguana (5)]
  2708 | D:4      | Reached XP level 6. HP: 35/48 MP: 6/6
  2819 | D:4      | Found a radiant altar of Vehumet.
  2821 | D:4      | Found a glowing silver altar of Zin.
  2873 | D:4      | You fall into a shaft and drop 1 floor!
  2873 | D:5      | Entered Level 5 of the Dungeon
  2873 | D:5      | Found a staircase to the Ecumenical Temple.
  2883 | Temple   | Entered the Ecumenical Temple
  2955 | Temple   | Became a worshipper of Qazlal Stormbringer
  3380 | D:5      | Slain by a centaur

Illustrated notes

Levels and vault maps discovered:
D:1:      amcnicky_arrival_single_pillar, layout_loops_ring, serial_shops, shop,
          minmay_misc_feat_nine_boxes
D:2:      layout_rooms, tso_oasis_becter, dk_noncrumbling_3
D:3:      layout_basic, eat_drink_and_be_merry_uskayaw, grunt_gozag_breadcrumbs,
          ashenzari_altar_1
D:4:      layout_loops_cross, minitemple, chequers_serial_rivers_micro_b,
          uniq_ijyb, uniq_eustachio, uniq_crazy_yiuf_cottage
D:5:      layout_loops_cross, minmay_temple_entry_glass, minmay_starry_boxes
Temple:   nicolae_temple_figure_eight

Skill      XL: |  1  2  3  4  5  6 |
---------------+-------------------+-----
Shields        | 4 |  4.9
Staves         | 3 4 |  4.5
Fighting       | 4 |  4.5
Armour         | 4 |  4.5

Action                   |  1- 3 |  4- 6 || total
-------------------------+-------+-------++-------
Melee: Quarterstaff      |    98 |   144 ||   242
Armor: Scale mail        |    50 |    48 ||    98
Dodge: Dodged            |    41 |    41 ||    82
Block: Kite shield       |    61 |    72 ||   133

Table legend: (Time is in decaauts)
 A = Elapsed time spent in this place.
 B = Non-inter-level travel time spent in this place.
 C = Inter-level travel time spent in this place.
 D = Time resting spent in this place.
 E = Time spent auto-exploring this place.
 F = Levels seen in this place.
 G = Mean time per level.
                   A        B        C        D        E       F      G
               +--------+--------+--------+--------+--------+-----+--------+
         Total |   3451 |   3352 |     99 |    895 |   1872 |   6 |  575.2 |
       Dungeon |   3215 |   3136 |     79 |    895 |   1658 |   5 |  643.0 |
        Temple |    235 |    215 |     20 |      0 |    214 |   1 |  235.0 |
               +--------+--------+--------+--------+--------+-----+--------+

Top non-repeatable levels by time:
     D:1: 924 daAuts
     D:2: 861 daAuts
     D:3: 614 daAuts
     D:4: 534 daAuts
     D:5: 280 daAuts
  Temple: 235 daAuts
